 Dungeon Crawl Stone Soup version 0.27.1-34-g3ba077fa99 (webtiles) character file.

Game seed: 9680636671459233946

56 mtoz the Skirmisher (level 3, -1/24 HPs)
             Began as a Gargoyle Fighter on Jan 5, 2022.
             Slain by an orc wizard (4 damage)
             ... on level 4 of the Dungeon.
             The game lasted 00:06:19 (1875 turns).

mtoz the Skirmisher (Gargoyle Fighter)              Turns: 1875, Time: 00:06:20

Health: -1/24      AC: 10    Str: 20    XL:     3   Next: 97%
Magic:  3/3        EV:  7    Int:  8    God:
Gold:   91         SH:  9    Dex:  9    Spells: 2/2 levels left

rFire    . . .     SeeInvis .   a - +0 war axe
rCold    . . .     Faith    .   c - +0 kite shield
rNeg     + . .     Spirit   .   b - +0 scale mail
rPois    ∞         Reflect  .   (no helmet)
rElec    +         Harm     .   (no cloak)
rCorr    .         Rampage  .   (no gloves)
Will     .....                  (no boots)
Stlth    ..........             (no amulet)
HPRegen  0.08/turn              (no ring)
MPRegen  0.08/turn              (no ring)

@: no status effects
A: sickness immunity, AC +3, negative energy resistance 1, electricity
resistance, torment resistance 1, petrification resistance
a: no special abilities


You were on level 4 of the Dungeon.
You visited 1 branch of the dungeon, and saw 4 of its levels.

You collected 91 gold pieces.

Inventory:

Hand Weapons
 a - a +0 war axe (weapon)
Armour
 b - a +0 scale mail (worn)
 c - a +0 kite shield (worn)
Jewellery
 i - a ring of positive energy
Scrolls
 e - a scroll of blinking {unknown}
 f - a scroll of enchant weapon {unknown}
 g - a scroll of immolation {unknown}
 h - 4 scrolls of identify {unknown}
 j - a scroll of magic mapping {unknown}
Potions
 d - a potion of might


   Skills:
 * Level 4.0 Fighting
 * Level 2.6 Axes
 + Level 3.6 Armour
 + Level 3.6 Shields


You had 2 spell levels left.
You didn't know any spells.
Your spell library was empty.

Dungeon Overview and Level Annotations

Branches:
Dungeon (4/15)
 Temple: D:4-7

Altars:
Kikubaaqudgha

Shops:
D:1 (


Innate Abilities, Weirdness & Mutations

You are immune to sickness and miasma.
Your stone body is resilient. (AC +3)
You are immune to poison.
You resist negative energy. (rN+)
You are resistant to electric shocks. (rElec)
You are resistant to unholy torment.
You are immune to petrification.


Message History

Something hits you but does no damage.
You closely miss something.
An orc comes into view. It is wielding a +0 dagger.
Something hits you but does no damage.
The orc moves out of view.
You miss something. Something hits you but does no damage. Something hits you.
You barely miss something.
The orc shouts!
Something hits you but does no damage.
You hear some strange, mumbled words.
A puff of flame appears from out of thin air!
The puff of flame hits you!
You miss something. Something hits you.
An orc comes into view. It is wielding a +0 whip.
Your scale mail prevents you from hitting something.
You barely miss the orc. Something hits you but does no damage.
The orc hits you but does no damage.
You hear some strange, mumbled words.
Something tries to affect you, but you resist.
You barely miss something. You closely miss the orc.
The orc hits you but does no damage. Something hits you but does no damage.
The orc hits you but does no damage. Something hits you but does no damage.
You closely miss something. You hit the orc. You block the orc's attack.
Something hits you but does no damage.
You slash something! You hit the orc.
You kill the orc!
The orc hits you but does no damage. Something hits you but does no damage.
The orc closely misses you. Something hits you.
There is a stone staircase leading down here.
The orc hits you but does no damage.
The orc hits you from afar with a +0 trident.
* * * LOW HITPOINT WARNING * * *
You hear some strange, mumbled words.
Something tries to affect you, but you resist.
You climb downwards.
Reactivating autopickup.
There is a stone staircase leading up here.
Deactivating autopickup; reactivate with Ctrl-A.
You closely miss something. Something hits you but does no damage.
You closely miss something. Something hits you.
You die...

###
...
#.#
#.#
#o#
#.#
#@#
###


You could see an orc.

Vanquished Creatures
  An adder (D:2)
  2 dart slugs
  An orc (D:3)
  5 ball pythons (D:1)
  5 endoplasms
  2 giant cockroaches
  3 hobgoblins (D:1)
  6 jackals
  3 kobolds
  2 bats (D:1)
  A frilled lizard (D:1)
  A goblin (D:3)
  8 rats
40 creatures vanquished.

Notes
Turn   | Place    | Note
-------+----------+-------------------------------------------
     0 | D:1      | mtoz the Gargoyle Fighter began the quest for the Orb.
     0 | D:1      | Reached XP level 1. HP: 14/14 MP: 1/1
   113 | D:1      | Reached XP level 2. HP: 19/19 MP: 2/2
   430 | D:1      | Reached XP level 3. HP: 21/24 MP: 3/3
   656 | D:1      | Found Vonomuhi's Antique Weapon Emporium.
  1228 | D:2      | Found an ancient bone altar of Kikubaaqudgha.
  1644 | D:2      | Reached skill level 4 in Fighting
  1875 | D:4      | Slain by an orc wizard

Illustrated notes

Levels and vault maps discovered:
D:1:      lightli_arrival_boilingwater, layout_basic, serial_shops,
          nicolae_diamond_shop, minmay_rat_gold_closets
D:2:      layout_basic, basic_altar
D:3:      layout_rooms, serial_shops, shop_statue, nicolae_shop_waterfront,
          nicolae_shop_overgrown_old_shop, nicolae_square_shop
D:4:      layout_basic, serial_co_window_serial, co_window_corner_a,
          co_window_of_opportunity_a, co_window_paths_b, co_window_corner_a,
          co_window_corner_a, co_window_corner_a, co_window_paths_a,
          co_window_corner_b, co_window_broadway_b, co_window_corner_ca,
          co_window_corner_ca, co_window_corner_cb, glass_columns_a,
          minmay_bisected

Skill      XL: |  1  2  3 |
---------------+----------+-----
Axes           | 2 |  2.6
Fighting       | 4 |  4.0
Armour         | |  3.6
Shields        | |  3.6

Action                   || total
-------------------------++-------
Melee: War axe           ||   141
Armor: Scale mail        ||   102
Dodge: Dodged            ||    43
Block: Kite shield       ||    82
